Map: Glittering Ashes LE

Players

RagnaroK (SHIN)

  • Race: Zerg Zerg
  • League: Master

Solar - Winner!

  • Race: Zerg Zerg
  • League: Master

Event: TSL 8

VOD

Have the link to the VOD?

Description

Time

  • Played on: Dec. 11, 2021, 7:54 a.m.
  • Length: 9:40

All games in this series

Show
View Real Time Build Order
Export as new Build Order

RagnaroK Zerg 

Build Orders: Hatch First 

Get SALT Encoding   

  12  0:00  Drone  
  13  0:12  Overlord  
  13  0:16  Drone  
  14  0:31  Drone x2  
  16  0:47  Hatchery  
  15  0:51  Drone  
  15  0:55  Drone  
  17  0:58  Drone  
  18  1:09  Extractor  
  17  1:14  Spawning Pool  
  17  1:15  Drone  
  17  1:22  Drone  
  18  1:28  Drone  
  19  1:39  Drone  
  20  1:50  Drone  
  21  2:00  Zergling x2, Queen  
  21  2:01  Queen  
  26  2:02  Drone  
  27  2:11  Drone, Overlord  
  27  2:14  Metabolic Boost  
  28  2:29  Drone  
  30  2:30  Drone  
  30  2:31  Drone  
  30  2:33  Drone  
  32  2:39  Hatchery  
  31  2:44  Queen  
  31  2:48  Drone  
  34  2:53  Baneling Nest  
  34  2:57  Overlord  
  33  3:02  Drone  
  33  3:04  Zergling x4  
  36  3:10  Evolution Chamber  
  35  3:17  Zergling x6  
  35  3:19  Drone x2  
  40  3:26  Drone x3  
  43  3:32  Overlord  
  43  3:41  Drone  
  43  3:43  Overlord  
  43  3:46  Zerg Ground Armor Level 1  
  44  3:51  Drone x3  
  44  3:52  Drone x2  
  44  3:54  Drone  
  50  4:02  Baneling x2, Roach Warren  
  49  4:03  Drone  
  50  4:10  Baneling  
  50  4:12  Baneling, Zergling x4  
  50  4:13  Zergling x4  
  50  4:14  Extractor  
  50  4:16  Zergling x2  
  54  4:22  Zergling x4  
  56  4:27  Drone x2  
  56  4:28  Drone x3, Extractor  
  60  4:35  Overlord  
  60  4:38  Overlord  
  60  4:39  Drone x2  
  60  4:43  Overlord  
  62  4:46  Overlord  
  62  4:57  Roach x4  
  69  5:03  Roach x3  
  75  5:07  Roach  
  75  5:12  Roach x3  
  83  5:21  Roach x3  
  83  5:30  Drone x7  
  90  5:40  Zerg Missile Weapons Level 1  
  89  5:43  Drone x5  
  89  5:45  Lair  
  94  5:51  Drone  
  94  5:54  Drone x2  
  94  5:55  Overlord  
  97  6:00  Extractor  
  97  6:01  Extractor  
  97  6:03  Overlord  
  95  6:06  Drone x2  
  95  6:07  Overlord  
  97  6:12  Overlord  
  97  6:15  Roach x4  
  105  6:22  Roach x2  
  105  6:23  Roach  
  105  6:24  Roach  
  113  6:26  Roach, Overlord  
  113  6:27  Roach  
  113  6:29  Roach  
  113  6:31  Roach  
  121  6:35  Roach x2  
  125  6:41  Glial Reconstitution  
  125  6:42  Overseer  
  125  6:44  Roach x3  
  130  6:49  Roach x3  
  136  6:56  Overseer  
  136  6:59  Overlord  
  136  7:02  Overlord x2  
  136  7:03  Overlord x2  
  136  7:04  Overlord  
  136  7:06  Overlord  
  136  7:08  Baneling x2  
  136  7:14  Overlord  
  136  7:15  Nydus Network  
  136  7:17  Overlord  
  136  7:18  Roach  
  136  7:20  Zergling x2  
  136  7:21  Roach  
  138  7:23  Roach  
  138  7:25  Roach  
  142  7:30  Roach x2  
  142  7:33  Roach x2  
  142  7:35  Roach  
  146  7:37  Roach  
  146  7:38  Roach  
  146  7:40  Roach  
  146  7:42  Roach  
  142  7:44  Roach  
  142  7:45  Roach  
  142  7:47  Roach  
  142  7:49  Roach  
  137  7:53  Roach x2  
  137  7:55  Ravager  
  137  7:56  Ravager, Roach  
  141  7:58  Roach  
  141  8:01  Roach  
  141  8:03  Roach  
  140  8:07  Roach  
  140  8:09  Roach  
  144  8:15  Nydus Canal, Roach  
  144  8:18  Roach  
  144  8:19  Roach x2  
  152  8:20  Roach  
  152  8:22  Roach  
  152  8:25  Queen  
  152  8:26  Roach  
  158  8:28  Roach  
  158  8:31  Roach  
  158  8:32  Roach x2  
  166  8:34  Roach  
  166  8:37  Roach  
  166  8:40  Roach  
  170  8:42  Roach  
  170  8:43  Roach  
  170  8:46  Roach  
  170  8:48  Roach  
  176  8:50  Roach  
  176  8:54  Roach x2  
  160  8:57  Roach  
  160  9:01  Queen  
  134  9:03  Roach  
  134  9:05  Roach  
  134  9:06  Roach  
  134  9:09  Roach  
Show
View Real Time Build Order
Export as new Build Order

Solar Zerg - Winner!

Build Orders: Hatch First, Zergling Baneling 

Get SALT Encoding   

  12  0:01  Drone  
  13  0:12  Overlord  
  13  0:16  Drone  
  14  0:30  Drone x2  
  16  0:47  Hatchery  
  15  0:51  Drone  
  15  0:54  Drone  
  17  0:57  Drone  
  18  1:09  Extractor  
  17  1:14  Spawning Pool  
  17  1:15  Drone  
  17  1:19  Drone  
  18  1:27  Drone  
  19  1:41  Drone  
  20  1:58  Drone  
  20  2:00  Zergling x2  
  20  2:01  Queen x2  
  24  2:02  Overlord  
  26  2:10  Metabolic Boost  
  26  2:12  Drone x2  
  28  2:21  Drone x2  
  30  2:34  Hatchery  
  29  2:37  Drone  
  29  2:40  Drone  
  29  2:43  Zergling x2  
  32  2:48  Baneling Nest  
  31  2:53  Drone x2  
  31  2:54  Overlord  
  33  3:03  Drone  
  33  3:05  Drone  
  35  3:09  Drone  
  35  3:12  Queen  
  38  3:14  Zergling x4  
  38  3:16  Drone  
  41  3:21  Drone x2  
  41  3:27  Overlord  
  43  3:28  Drone  
  44  3:40  Overlord  
  44  3:45  Evolution Chamber  
  44  3:46  Drone, Zergling x2  
  44  3:47  Zergling x8  
  44  3:48  Baneling x2  
  48  3:53  Overlord  
  48  3:54  Drone  
  49  3:58  Drone  
  49  4:00  Drone  
  51  4:05  Drone  
  51  4:08  Drone  
  53  4:11  Zerg Missile Weapons Level 1  
  53  4:12  Drone x4  
  53  4:14  Drone  
  58  4:18  Zergling x2, Roach Warren  
  58  4:21  Drone x3  
  61  4:25  Drone  
  61  4:29  Extractor  
  61  4:31  Drone, Extractor  
  61  4:35  Overlord  
  61  4:40  Baneling x2  
  61  4:41  Zergling x8  
  61  4:44  Zergling x8  
  68  4:45  Baneling x3  
  68  4:46  Baneling  
  68  4:52  Overlord  
  68  4:53  Zergling x2  
  68  4:54  Zergling x6  
  68  4:58  Roach  
  68  4:59  Roach  
  76  5:02  Overlord  
  76  5:04  Roach  
  78  5:08  Drone  
  78  5:09  Overlord  
  78  5:12  Drone x2  
  81  5:20  Drone x5  
  80  5:29  Extractor  
  80  5:32  Roach x3  
  85  5:38  Queen, Lair  
  85  5:40  Roach  
  89  5:44  Roach x2  
  89  5:49  Roach x2  
  97  5:52  Extractor x2  
  97  5:54  Drone x3  
  97  5:55  Drone  
  99  5:58  Drone  
  99  6:00  Drone  
  101  6:05  Overlord x2  
  101  6:07  Drone  
  102  6:14  Drone  
  102  6:15  Drone  
  102  6:16  Drone  
  102  6:17  Drone  
  106  6:20  Overlord  
  106  6:22  Overlord  
  106  6:28  Drone  
  106  6:29  Drone x2  
  108  6:33  Drone x2  
  108  6:36  Overseer, Glial Reconstitution, Spire  
  108  6:38  Roach  
  111  6:40  Zerg Missile Weapons Level 2  
  111  6:43  Drone  
  111  6:45  Roach x2  
  116  6:48  Overlord  
  116  6:50  Roach x3  
  116  6:54  Overlord  
  122  6:58  Roach x3  
  122  7:01  Roach  
  130  7:02  Roach  
  130  7:06  Roach x3  
  138  7:10  Spine Crawler  
  138  7:14  Roach x3  
  143  7:19  Ravager x3  
  143  7:20  Ravager  
  143  7:21  Roach x3  
  143  7:22  Overlord  
  153  7:26  Overlord  
  153  7:34  Roach  
  153  7:41  Roach x2  
  145  7:44  Roach x7  
  145  7:48  Queen  
  145  7:51  Roach x5  
  161  7:57  Roach x2  
  166  8:03  Spire  
  166  8:05  Roach x3  
  168  8:06  Overlord  
  168  8:07  Drone  
  168  8:08  Overlord  
  168  8:11  Overlord  
  167  8:14  Overlord  
  167  8:16  Overlord  
  167  8:19  Roach  
  169  8:26  Roach x2  
  173  8:30  Roach x5  
  173  8:34  Ravager, Roach  
  184  8:35  Roach  
  184  8:39  Roach x2  
  195  8:48  Roach x2  
  195  8:52  Queen  
  195  8:55  Roach x2  
  179  8:58  Roach x4  
  167  9:04  Roach x4  
  167  9:05  Roach  
  167  9:08  Roach  
  167  9:09  Roach  
Tags
 
Add a new tag
Caveats
  • Supply blocks, unpowered buildings, or Contaminate may cause inaccurate times.
  • Supply counts are checked every 10 seconds.